Unix NetHack Version 5.0.0-0 post-release - last build Jul 19 2026 19:10:59 (3aa4ab31751d3886436d94b585a96704892fd477,branch:main).

Game began 2026-07-25 16:36:39, ended 2026-07-26 10:12:09.

Anarchos, lawful female dwarven Valkyrie

                                       -----------.-
                                       |.........|.|
                                       |....M....|.|.|
                                       |....<d...-...|
                                       |...^@....|--.|
                                       |.........|
                                       -----------

Anarchos the Skirmisher     St:16 Dx:14 Co:20 In:8 Wi:7 Ch:7  Lawful
Dlvl:10 $:30 HP:0(65) Pw:5(5) AC:4  Xp:5 T:3083  Stun

Latest messages:
 What do you want to wear? [HIL or ?*] H
 You finish your dressing maneuver.
 What do you want to wear? [IL or ?*] I
 You finish your dressing maneuver.
 You descend the stairs.
 You miss the ettin mummy.
 The ettin mummy hits!
 The ettin mummy hits again!
 You miss the ettin mummy.
 The ettin mummy hits!
 The ettin mummy hits again!
 You hit the ettin mummy!
 The ettin mummy hits!
 The ettin mummy hits again!
 The little dog bites!
 You climb up the stairs.
 You stop.  The gnomish wizard is in the way!
 You stop.  The gnomish wizard is in the way!
 Pick a monster, object or location.
 You swap places with the peaceful gnomish wizard.
 You hear a C note squeak in the distance.
 You hear a C note squeak in the distance.
 You hear a C note squeak in the distance.
 You hear a C note squeak in the distance.
 You hear a C note squeak in the distance.
 You are in full health.
 f - 2 rocks (12 in total).
 You descend the stairs.
 The little dog bites!
 The ettin mummy hits!
 The ettin mummy knocks you backward with a forceful strike!
 What do you want to throw? [$bhltDJK or ?*] o
 In what direction? 6
 The little dog seems more amiable.
 Your little dog devours a pancake.
 You miss the ettin mummy.
 The ettin mummy hits!
 The ettin mummy hits again!
 The ettin mummy hits!
 The ettin mummy hits again!
 You hit the ettin mummy!
 The ettin mummy hits!
 The ettin mummy knocks you backward with a forceful strike!
 The ettin mummy hits!
 The ettin mummy hits again!
 The ettin mummy knocks you backward with a powerful blow!
 You stagger...
 You die...
 Do you want your possessions identified? [ynq] (y) y
 Do you want to see your attributes? [ynq] (y) q

Inventory:
 Coins    ('$')
  $ - 30 gold pieces
 Weapons  (')')
  K - a blessed +1 arrow
  D - 6 +0 arrows
  h - 15 +0 darts
  b - a +0 dagger (at the ready)
  a - a +1 dwarvish spear (weapon in right hand)
  t - a blessed +0 knife
  J - a +0 orcish dagger
  l - a +0 aklys
 Armor    ('[')
  I - an uncursed +0 orcish helm (being worn)
  H - an uncursed +0 pair of low boots (being worn)
  x - an uncursed +0 orcish shield
  c - an uncursed +3 small shield (being worn)
  L - an uncursed +0 mummy wrapping
 Comestibles  ('%')
  p - an uncursed cram ration
  q - 2 uncursed lichen corpses
 Scrolls  ('?')
  w - an uncursed scroll of create monster
  N - an uncursed scroll of identify
  s - an uncursed scroll of punishment
 Spellbooks  ('+')
  g - an uncursed spellbook of knock
  E - an uncursed spellbook of polymorph
 Potions  ('!')
  j - an uncursed potion of healing
  C - an uncursed potion of healing
  y - a potion of holy water
  F - an uncursed potion of water
 Wands    ('/')
  O - a wand of light (0:11)
 Tools    ('(')
  k - an uncursed leash
  M - an uncursed magic lamp
  v - an uncursed tallow candle
  n - an uncursed towel
 Gems/Stones  ('*')
  A - an uncursed emerald
  i - 2 uncursed garnet stones
  z - 3 uncursed obsidian stones
  e - 2 uncursed worthless pieces of blue glass
  B - an uncursed worthless piece of blue glass
  m - 3 uncursed worthless pieces of green glass
  r - 2 uncursed worthless pieces of yellow glass
  u - an uncursed worthless piece of yellowish brown glass
  f - 12 uncursed rocks

Anarchos the Valkyrie's attributes:

Background:
 You were a Skirmisher, a level 5 dwarven Valkyrie.
 You were lawful, on a mission for Tyr
 who was opposed by Odin (neutral) and Loki (chaotic).
 You were right-handed.
 You were in the Gnomish Mines, on level 10.
 You entered the dungeon 3083 turns ago.
 You had 268 experience points, 52 more were needed to attain level 6.

Basics:
 You had 0 out of 65 hit points.
 You had all 5 energy points (spell power).
 Your armor class was 4.
 Your wallet contained 30 zorkmids.
 Autopickup was on for all types.

Final Characteristics:
 Your strength was 16 (peak:18/01, limit:18/100).
 Your dexterity was 14 (limit:20).
 Your constitution was 20 (limit:20).
 Your intelligence was 8 (limit:16).
 Your wisdom was 7 (limit:16).
 Your charisma was 7 (limit:16).

Final Status:
 You were stunned.
 You weren't hungry.
 You were unencumbered.
 You were wielding a spear.
 You had basic skill with spear.

Final Attributes:
 You were piously aligned.
 You were cold resistant.
 You were telepathic.
 You had infravision.
 You were stealthy.
 You are dead.

Miscellaneous:
 You didn't encounter any bones levels.
 Total elapsed playing time was 1 hour, 49 minutes and 50 seconds.

Major events:
 Turn
    1: Anarchos the lawful dwarven Valkyrie entered the dungeon
  755: entered the Gnomish Mines
 1132: attained the rank of Skirmisher (level 3)
 3083: killed by an ettin mummy, while moving through the air

Spells:
 Name                 Level Category     Fail Retention
 knock                  1   matter        91%  76%-100%

Skills:
 Fighting Skills
   bare handed combat [Unskilled]
   two weapon combat  [Unskilled]
   riding             [Unskilled]
 Weapon Skills
   dagger             [Basic]
   axe                [Unskilled]
   pick-axe           [Unskilled]
   short sword        [Unskilled]
   broadsword         [Unskilled]
   long sword         [Unskilled]
   two-handed sword   [Unskilled]
   saber              [Unskilled]
   hammer             [Unskilled]
   quarterstaff       [Unskilled]
   polearms           [Unskilled]
   spear              [Basic]
   trident            [Unskilled]
   lance              [Unskilled]
   sling              [Unskilled]
 Spellcasting Skills
   attack spells      [Unskilled]
   escape spells      [Unskilled]

Voluntary challenges:
 Character rerolling was not enabled.
 You never genocided any monsters.
 You never polymorphed an object.
 You never changed form.
 You used no wishes.
Achievements:
 You entered the Gnomish Mines.
 You attained the rank of Skirmisher.

 The Dungeons of Doom: levels 1 to 2
    Level 1:
       An altar to Tyr.
    Level 2:
       Stairs down to The Gnomish Mines.
 The Gnomish Mines: levels 3 to 10
    Level 3:
    Level 4:
    Level 5:
    Level 7:
    Level 8:
    Level 9:
    Level 10: <- You were here.
       Final resting place for
          you, killed by an ettin mummy, while moving through the air.


Vanquished creatures:
 an orc-captain
  a giant spider
 an orc mummy
  a dingo
  a fog cloud
  3 yellow lights
  a violet fungus
  a gnome leader
  a straw golem
  a floating eye
  a rothe
 an iguana
  2 coyotes
  a gas spore
  a large kobold
  a hobgoblin
  2 giant rats
  a cave spider
 11 gnomes
  3 geckos
  a jackal
  2 foxes
  a kobold
  a goblin
  5 sewer rats
  3 grid bugs
  2 lichens
  7 newts
58 creatures vanquished.

No species were genocided or became extinct.

Game over:
                       ----------
                      /          \
                     /    REST    \
                    /      IN      \
                   /     PEACE      \
                  /                  \
                  |     Anarchos     |
                  |      30 Au       |
                  |   killed by an   |
                  |   ettin mummy    |
                  |                  |
                  |                  |
                  |       2026       |
                 *|     *  *  *      | *
        _________)/\\_//(\/(/\)/\//\/|_)_______

Farvel Anarchos the Valkyrie...

You died in The Gnomish Mines on dungeon level 10 with 1559 points,
and 30 pieces of gold, after 3083 moves.
You were level 5 with a maximum of 65 hit points when you died.

